[Event "GER-ch Youth U10 2019"]
[Site "Willingen"]
[Date "2019.06.14"]
[Round "10.8"]
[White "Aniol, Nico"]
[Black "Huber, Benedikt Thomas"]
[Result "1/2-1/2"]
[ECO "C47"]
[WhiteElo "1406"]
[BlackElo "1441"]
[Annotator "NA"]
[PlyCount "105"]
[EventDate "2019.06.07"]
[EventType "swiss"]
[EventRounds "11"]
[EventCountry "GER"]
[SourceTitle "playchess.com"]
[Source "ChessBase"]
[SourceQuality "1"]
[TimeControl "40/4500+30:900+30"]

1. e4 e5 2. Nc3 Nc6 3. Bc4 Nf6 4. Nf3 Nxe4 5. Bxf7+ Kxf7 6. Nxe4 d5 7. Ng3 e4 8. Ng1 Be6 9. f3 Qh4 10. fxe4 dxe4 11. Qe2 Bd6 12. Qf2+ Qf4 13. Qxf4+ Bxf4 14. Nxe4 Bd5 15. d3 Bxe4 16. dxe4 Bxc1 17. Rxc1 Rae8 18. Ne2 Rxe4 19. O-O+ Ke7 20. Nc3 Re5 21. Rce1 Rxe1 22. Rxe1+ Kd8 23. Rd1+ Kc8 24. Rf1 Nd4 25. Rf2 Re8 26. Rd2 Rd8 27. Kf2 Rf8+ 28. Ke1 Nc6 29. a3 Ne5 30. h3 Nc4 31. Rd4 Ne3 32. Rd2 Re8 33. Kf2 Nc4 34. Rd4 Nd6 35. g4 Rf8+ 36. Kg2 g5 37. Ne4 Nxe4 38. Rxe4 Rf6 39. Rd4 Rc6 40. c3 Rb6 41. Rb4 Rxb4 42. axb4 Kd7 43. Kf3 Ke6 44. Ke4 c6 45. c4 b6 46. Kd4 Kd6 47. c5+ Ke6 48. Ke4 h6 49. Kd4 b5 50. Ke4 Kf6 51. Kd4 a6 52. b3 Ke6 53. Ke4 {[%emt 0:00:06] normal} 1/2-1/2

[Event "GER-ch Youth U10 2019"]
[Site "Willingen"]
[Date "2019.06.14"]
[Round "10.9"]
[White "Jahnz, Laurin"]
[Black "Haubold, Christian Lucas"]
[Result "1/2-1/2"]
[ECO "B27"]
[WhiteElo "1497"]
[BlackElo "1387"]
[Annotator "NA"]
[PlyCount "70"]
[EventDate "2019.06.07"]
[EventType "swiss"]
[EventRounds "11"]
[EventCountry "GER"]
[SourceTitle "playchess.com"]
[Source "ChessBase"]
[SourceQuality "1"]
[TimeControl "40/4500+30:900+30"]

1. e4 c5 2. Nf3 g6 3. c3 Nf6 4. e5 Nd5 5. d4 cxd4 6. cxd4 Nc6 7. Nc3 e6 8. Nxd5 exd5 9. Be2 d6 10. exd6 Qxd6 11. O-O Bg7 12. Re1 O-O 13. Be3 Bg4 14. h3 Bxf3 15. Bxf3 Rad8 16. a3 Qc7 17. Qd2 Qb6 18. Red1 Na5 19. Qb4 Nc4 20. Qxb6 Nxb6 21. b3 Rc8 22. Rac1 f5 23. Rc5 Rcd8 24. Rc7 Rf7 25. Rxf7 Kxf7 26. Rc1 Ke6 27. Rc7 Rd7 28. Rxd7 Nxd7 29. g3 h6 30. h4 Nf6 31. Kf1 Ne4 32. Ke2 Nd6 33. Kd3 b5 34. Bd1 Ne4 35. Bf3 a5 {[%emt 0:00:52] normal} 1/2-1/2

[Event "GER-ch Youth U10 2019"]
[Site "Willingen"]
[Date "2019.06.15"]
[Round "11.1"]
[White "Helms, Finn"]
[Black "Torosyan, Bagrat"]
[Result "1-0"]
[ECO "A45"]
[WhiteElo "1773"]
[BlackElo "1444"]
[Annotator "NA"]
[PlyCount "79"]
[EventDate "2019.06.07"]
[EventType "swiss"]
[EventRounds "11"]
[EventCountry "GER"]
[SourceTitle "playchess.com"]
[Source "ChessBase"]
[SourceQuality "1"]
[TimeControl "40/4500+30:900+30"]

1. d4 Nf6 2. Bf4 e6 3. e3 c5 4. c3 d5 5. Nd2 Bd6 6. Bg3 Qc7 7. Ngf3 Nbd7 8. Bd3 O-O 9. O-O Bxg3 10. hxg3 cxd4 11. exd4 b6 12. Re1 a5 13. Qe2 Qa7 14. Ne5 Nxe5 15. dxe5 Nd7 16. Nf3 h6 17. Nd4 Nc5 18. Nb5 Qd7 19. Nd6 Nxd3 20. Qxd3 Ba6 21. Qe3 f6 22. f4 fxe5 23. Qxe5 Rf6 24. f5 exf5 25. Qxd5+ Kh7 26. Qxa8 Bd3 27. Qf3 Rxd6 28. Rad1 Be4 29. Rxd6 Qxd6 30. Qe3 Qc6 31. Re2 Qa4 32. b3 Qc6 33. g4 g6 34. gxf5 gxf5 35. Qd4 Kg6 36. Rd2 Kg5 37. Qg7+ Kh5 38. g4+ Kh4 39. Rh2+ Kg3 40. gxf5+ {[%emt 0:00:13] normal} 1-0

[Event "GER-ch Youth U10 2019"]
[Site "Willingen"]
[Date "2019.06.15"]
[Round "11.2"]
[White "Grabs, Peter"]
[Black "Sauer, Tim"]
[Result "1/2-1/2"]
[ECO "B12"]
[WhiteElo "1575"]
[BlackElo "1553"]
[Annotator "NA"]
[PlyCount "62"]
[EventDate "2019.06.07"]
[EventType "swiss"]
[EventRounds "11"]
[EventCountry "GER"]
[SourceTitle "playchess.com"]
[Source "ChessBase"]
[SourceQuality "1"]
[TimeControl "40/4500+30:900+30"]

1. e4 c6 2. d4 d5 3. f3 dxe4 4. fxe4 e5 5. Nf3 exd4 6. Bc4 Be6 7. Bxe6 fxe6 8. O-O Be7 9. e5 c5 10. Nbd2 Nc6 11. Ne4 Qd5 12. Ng3 O-O-O 13. Nh5 Nxe5 14. Nxg7 Rf8 15. Nxe5 Rxf1+ 16. Kxf1 Qxe5 17. Qg4 Qf6+ 18. Kg1 Kd7 19. Nh5 Qf7 20. Bd2 Nf6 21. Nxf6+ Qxf6 22. Rf1 Qe5 23. Re1 Qf6 24. Qe4 Rb8 25. Bf4 Bd6 26. Qxh7+ Kc6 27. Qe4+ Kd7 28. Bxd6 Kxd6 29. Rf1 Qg5 30. h4 Qe5 31. Qf3 b6 {[%emt 0:00:35] normal} 1/2-1/2

[Event "GER-ch Youth U10 2019"]
[Site "Willingen"]
[Date "2019.06.15"]
[Round "11.3"]
[White "Besou, Hussain"]
[Black "Ermitsch, Magnus"]
[Result "1-0"]
[ECO "E11"]
[WhiteElo "1785"]
[BlackElo "1843"]
[Annotator "NA"]
[PlyCount "45"]
[EventDate "2019.06.07"]
[EventType "swiss"]
[EventRounds "11"]
[EventCountry "GER"]
[SourceTitle "playchess.com"]
[Source "ChessBase"]
[SourceQuality "1"]
[TimeControl "40/4500+30:900+30"]

1. d4 Nf6 2. c4 e6 3. Nf3 Bb4+ 4. Bd2 c5 5. Bxb4 cxb4 6. Nbd2 O-O 7. e4 d6 8. Bd3 Re8 9. O-O e5 10. h3 Nc6 11. d5 Nb8 12. Ne1 Nbd7 13. a3 bxa3 14. Rxa3 Nf8 15. b4 Qb6 16. Qa4 Bd7 17. Qa5 Rec8 18. Nc2 Qxa5 19. Rxa5 b5 20. f3 Nh5 21. Rfa1 Nf4 22. Bf1 bxc4 23. Nxc4 {[%emt 0:00:45] normal} 1-0

[Event "GER-ch Youth U10 2019"]
[Site "Willingen"]
[Date "2019.06.15"]
[Round "11.4"]
[White "Haubold, Sebastian Marcel"]
[Black "Arora, Abhiraaj"]
[Result "0-1"]
[ECO "C77"]
[WhiteElo "1506"]
[BlackElo "1454"]
[Annotator "NA"]
[PlyCount "87"]
[EventDate "2019.06.07"]
[EventType "swiss"]
[EventRounds "11"]
[EventCountry "GER"]
[SourceTitle "playchess.com"]
[Source "ChessBase"]
[SourceQuality "1"]
[TimeControl "40/4500+30:900+30"]

1. e4 e5 2. Nf3 Nc6 3. Bb5 a6 4. Ba4 Nf6 5. d4 exd4 6. O-O Be7 7. Re1 b5 8. Bb3 d6 9. Bd5 Nxd5 10. exd5 Nb4 11. Nxd4 Bb7 12. Nc3 O-O 13. a3 Nxd5 14. Nf5 Nxc3 15. Nxe7+ Qxe7 16. bxc3 Qf6 17. Re3 Rfe8 18. Rg3 Be4 19. Bg5 Qe6 20. Qd2 Bxc2 21. h4 Bg6 22. Rd1 Qe5 23. Re3 Qc5 24. Qb2 a5 25. Rde1 Rxe3 26. Rxe3 h6 27. Bf4 Qf5 28. Bg3 Qb1+ 29. Qxb1 Bxb1 30. Re7 Rc8 31. Kf1 Bf5 32. Re1 Bd3+ 33. Kg1 Bc4 34. f3 d5 35. Re7 c5 36. Bd6 d4 37. cxd4 cxd4 38. Bc7 b4 39. axb4 axb4 40. Bb6 d3 41. Re1 Bb3 42. Be3 Rd8 43. Bd2 Bc2 44. Bxb4 {[%emt 0:00:56] normal} 0-1

[Event "GER-ch Youth U10 2019"]
[Site "Willingen"]
[Date "2019.06.15"]
[Round "11.5"]
[White "Xue, Luka"]
[Black "Navarro Jahnke, Leo"]
[Result "1-0"]
[ECO "E91"]
[WhiteElo "1429"]
[BlackElo "1334"]
[Annotator "NA"]
[PlyCount "35"]
[EventDate "2019.06.07"]
[EventType "swiss"]
[EventRounds "11"]
[EventCountry "GER"]
[SourceTitle "playchess.com"]
[Source "ChessBase"]
[SourceQuality "1"]
[TimeControl "40/4500+30:900+30"]

1. d4 Nf6 2. Nf3 g6 3. c4 Bg7 4. Nc3 O-O 5. e4 d6 6. Be2 Nbd7 7. O-O c5 8. Be3 Ng4 9. Bf4 f6 10. h3 f5 11. Qd2 fxe4 12. Nxe4 Nge5 13. Neg5 Nf6 14. d5 a6 15. Rae1 h6 16. Ne6 Bxe6 17. dxe6 Nh5 {[%emt 0:03:11] normal} 18. Bh2 {[%emt 0:02:35] normal} 1-0

[Event "GER-ch Youth U10 2019"]
[Site "Willingen"]
[Date "2019.06.15"]
[Round "11.6"]
[White "Sommer, Justus"]
[Black "Li, David"]
[Result "0-1"]
[ECO "B13"]
[WhiteElo "1684"]
[BlackElo "1418"]
[Annotator "NA"]
[PlyCount "66"]
[EventDate "2019.06.07"]
[EventType "swiss"]
[EventRounds "11"]
[EventCountry "GER"]
[SourceTitle "playchess.com"]
[Source "ChessBase"]
[SourceQuality "1"]
[TimeControl "40/4500+30:900+30"]

1. e4 c6 2. d4 d5 3. exd5 cxd5 4. Bd3 Nf6 5. c3 e6 6. Bf4 Nbd7 7. Nf3 Qb6 8. Qb3 Be7 9. O-O O-O 10. Nbd2 Qxb3 11. axb3 b6 12. Ne5 Nxe5 13. Bxe5 Bb7 14. Nf3 a5 15. h3 Rac8 16. b4 Ra8 17. b5 Rfc8 18. Bc2 Ne4 19. Bxe4 dxe4 20. Nd2 a4 21. Nb1 Bd5 22. Re1 Ra5 23. Nd2 a3 24. b4 Ra7 25. c4 Bxb4 26. cxd5 Bxd2 27. Re2 Bc3 28. Rc2 exd5 29. Kh2 Raa8 30. Rac1 a2 31. Rxc3 Rxc3 32. Ra1 Rb3 33. Bf4 Rb1 {[%emt 0:00:24] normal} 0-1

[Event "GER-ch Youth U10 2019"]
[Site "Willingen"]
[Date "2019.06.15"]
[Round "11.7"]
[White "Huber, Benedikt"]
[Black "Zobel, Christian"]
[Result "0-1"]
[ECO "C25"]
[WhiteElo "1441"]
[BlackElo "1404"]
[Annotator "NA"]
[PlyCount "44"]
[EventDate "2019.06.07"]
[EventType "swiss"]
[EventRounds "11"]
[EventCountry "GER"]
[SourceTitle "playchess.com"]
[Source "ChessBase"]
[SourceQuality "1"]
[TimeControl "40/4500+30:900+30"]

1. e4 e5 2. Nc3 Bc5 3. g3 Nc6 4. Bg2 Nf6 5. d3 d6 6. Bd2 Be6 7. Na4 Bb6 8. Nxb6 axb6 9. a3 d5 10. exd5 Bxd5 11. Nf3 O-O 12. O-O e4 13. dxe4 Bxe4 14. Qc1 h6 15. Rd1 Bxf3 16. Bxf3 Nd4 17. Kg2 Nxf3 18. Kxf3 Qd5+ 19. Ke2 Qc4+ 20. Ke1 Ng4 21. h3 Nh2 22. Be3 Nf3# {normal} 0-1

[Event "GER-ch Youth U10 2019"]
[Site "Willingen"]
[Date "2019.06.15"]
[Round "11.7"]
[White "Huber, Benedikt Thomas"]
[Black "Zobel, Christian"]
[Result "0-1"]
[ECO "C25"]
[WhiteElo "1441"]
[BlackElo "1404"]
[Annotator "NA"]
[PlyCount "38"]
[EventDate "2019.06.07"]
[EventType "swiss"]
[EventRounds "11"]
[EventCountry "GER"]
[SourceTitle "playchess.com"]
[Source "ChessBase"]
[SourceQuality "1"]
[TimeControl "40/4500+30:900+30"]

1. e4 e5 2. Nc3 Bc5 3. g3 Nc6 4. Bg2 Nf6 5. d3 d6 6. Bd2 Be6 7. Na4 Bb6 8. Nxb6 axb6 9. a3 d5 10. exd5 Bxd5 11. Nf3 O-O 12. O-O e4 13. dxe4 Bxe4 14. Qc1 h6 15. Rd1 Bxf3 16. Bxf3 Nd4 17. Kg2 Nxf3 18. Kxf3 Qd5+ 19. Ke2 Qc4+ {[%emt 0:05:00] normal} 0-1

[Event "GER-ch Youth U10 2019"]
[Site "Willingen"]
[Date "2019.06.15"]
[Round "11.8"]
[White "Aniol, Nico"]
[Black "Jahnz, Laurin"]
[Result "1/2-1/2"]
[ECO "C54"]
[WhiteElo "1406"]
[BlackElo "1497"]
[Annotator "NA"]
[PlyCount "51"]
[EventDate "2019.06.07"]
[EventType "swiss"]
[EventRounds "11"]
[EventCountry "GER"]
[SourceTitle "playchess.com"]
[Source "ChessBase"]
[SourceQuality "1"]
[TimeControl "40/4500+30:900+30"]

1. e4 e5 2. Nf3 Nc6 3. Bc4 Bc5 4. c3 Nf6 5. b4 Bb6 6. d3 d6 7. a4 a5 8. b5 Ne7 9. Qb3 O-O 10. Bg5 Ng6 11. h4 h6 12. h5 Nf4 13. Bxf4 exf4 14. Nbd2 Bg4 15. e5 dxe5 16. Nxe5 Qe7 17. d4 Nd7 18. O-O Nxe5 19. Rfe1 Qh4 20. Rxe5 Bxh5 21. Rae1 Bg6 22. Nf3 Qg4 23. Be2 Qd7 24. Nh4 Bh7 25. Bf3 Rab8 {[%emt 0:04:26] normal} 26. Bh5 {[%emt 0:01:24] normal} 1/2-1/2

[Event "GER-ch Youth U10 2019"]
[Site "Willingen"]
[Date "2019.06.15"]
[Round "11.9"]
[White "Dorendorf, Mika"]
[Black "Malinowsky, Levi"]
[Result "1/2-1/2"]
[ECO "C55"]
[WhiteElo "1398"]
[BlackElo "1400"]
[Annotator "NA"]
[PlyCount "51"]
[EventDate "2019.06.07"]
[EventType "swiss"]
[EventRounds "11"]
[EventCountry "GER"]
[SourceTitle "playchess.com"]
[Source "ChessBase"]
[SourceQuality "1"]
[TimeControl "40/4500+30:900+30"]

1. e4 e5 2. Nf3 Nc6 3. d4 exd4 4. Bc4 Nf6 5. O-O d6 6. Nxd4 Ne5 7. Bd3 Nxd3 8. cxd3 Be7 9. Nc3 O-O 10. h3 d5 11. e5 Nd7 12. Bf4 Nc5 13. Nb3 Nxb3 14. Qxb3 d4 15. Nd5 b6 16. Nxe7+ Qxe7 17. Rac1 c5 18. Qd1 Bb7 19. Qg4 Qe6 20. Qxe6 fxe6 21. Bg5 Rf5 22. f4 Raf8 23. Be7 R8f7 24. Bg5 Rf8 {[%emt 0:04:44] normal} 25. g4 R5f7 26. Rf2 {normal} 1/2-1/2